 Dungeon Crawl Stone Soup version 0.29.1-15-g9cfb28693d (webtiles) character file.

Game seed: 868826987324405507

18 KittyFluff the Trooper (level 2, 0/20 HPs)
             Began as a Gargoyle Berserker on Apr 18, 2023.
             Was a Follower of Trog.
             Slain by an adder (2 damage)
             ... on level 2 of the Dungeon.
             The game lasted 00:05:23 (1480 turns).

KittyFluff the Trooper (Gargoyle Berserker)         Turns: 1480, Time: 00:05:24

Health: 0/20       AC:  5    Str: 20    XL:     2   Next: 70%
Magic:  2/2        EV: 12    Int:  7    God:    Trog [*.....]
Gold:   26         SH:  0    Dex:  9    Spells: 1/1 levels left

rFire   . . .      SeeInvis .   a - +0 mace
rCold   . . .      Faith    .   (no shield)
rNeg    + . .      Spirit   .   b - +0 animal skin
rPois   ∞          Reflect  .   (no helmet)
rElec   +          Harm     .   (no cloak)
rCorr   .          Rampage  .   (no gloves)
Will    .....                   (no boots)
Stlth   +.........              (no amulet)
HPRegen 0.06/turn               (no ring)
MPRegen 0.08/turn               (no ring)

@: no status effects
A: sickness immunity, AC +2, negative energy resistance 1, electricity
resistance, torment resistance 1, petrification resistance
a: Renounce Religion, Berserk


You were on level 2 of the Dungeon.
You worshipped Trog.
Trog was aware of your devotion.
You visited 1 branch of the dungeon, and saw 2 of its levels.

You collected 26 gold pieces.

Inventory:

Hand Weapons
 a - a +0 mace (weapon)
 e - a +0 sling
Missiles
 d - 20 stones (quivered)
 j - 4 poisoned darts
Armour
 b - a +0 animal skin (worn)
Scrolls
 f - a scroll of identify
 g - a scroll of enchant armour {unknown}
 h - a scroll of fog {unknown}
 i - a scroll of enchant weapon {unknown}
 k - a scroll of teleportation {unknown}
 m - a scroll of poison {unknown}
 n - a scroll of immolation {unknown}
Potions
 c - a potion of ambrosia
 l - a potion of attraction {unknown}


   Skills:
 + Level 3.7 Fighting
 + Level 3.4 Maces & Flails
 * Level 2.3 Armour
 + Level 1.7 Dodging


You had one spell level left.
You didn't know any spells.
Your spell library was empty.

Dungeon Overview and Level Annotations

Branches:
Dungeon (2/15)

Altars:


Innate Abilities, Weirdness & Mutations

You are immune to sickness and miasma.
Your stone body is resilient. (AC +2)
You are immune to poison.
You resist negative energy. (rN+)
You are resistant to electric shocks. (rElec)
You are resistant to unholy torment.
You are immune to petrification.


Message History

The adder bites you but does no damage. The giant cockroach closely misses you.
You closely miss the giant cockroach.
The giant cockroach is heavily wounded.
The adder bites you but does no damage. The giant cockroach bites you.
* * * LOW HITPOINT WARNING * * *
The giant cockroach bites you but does no damage.
The giant cockroach closely misses you. The adder barely misses you.
You closely miss the giant cockroach. The giant cockroach barely misses you.
The adder barely misses you.
The giant cockroach bites you but does no damage.
You barely miss the giant cockroach.
The giant cockroach is heavily wounded.
The giant cockroach misses you. The adder barely misses you.
The giant cockroach bites you but does no damage.
The giant cockroach completely misses you.
The giant cockroach barely misses you. The adder closely misses you.
You barely miss the giant cockroach.
The giant cockroach is heavily wounded.
The giant cockroach closely misses you. The adder closely misses you.
The giant cockroach bites you but does no damage.
You sock the giant cockroach!
You kill the giant cockroach!
Trog accepts your kill. The adder bites you but does no damage.
The giant cockroach barely misses you. The adder closely misses you.
The dart slug launches a dart at you. The slug dart misses you.
The giant cockroach closely misses you.
You barely miss the giant cockroach. Your punch misses the giant cockroach.
The giant cockroach is heavily wounded.
The adder bites you but does no damage. The giant cockroach bites you.
* * * LOW HITPOINT WARNING * * *
The adder bites you but does no damage.
You thump the giant cockroach!
You kill the giant cockroach!
Trog accepts your kill. The adder closely misses you.
You hit the dart slug.
The dart slug is heavily wounded.
The adder bites you.
You die...

.......###......#
#.. ########
###....# #.. #
##..### . #.. #
##...# .. ###
###.# ... #.#
.... #.# .....
#†#......
#@w......
##S...... .......
....... .......
....... .......
.......


You could see an adder and a dart slug.

Vanquished Creatures
  A worm (D:2)
  A bat (D:1)
  An endoplasm (D:2)
  4 giant cockroaches
  A hobgoblin (D:2)
  3 frilled lizards
  3 kobolds (D:1)
  A rat (D:2)
15 creatures vanquished.

Notes
Turn   | Place    | Note
-------+----------+-------------------------------------------
     0 | D:1      | KittyFluff the Gargoyle Berserker began the quest for the
                  | Orb.
     0 | D:1      | Reached XP level 1. HP: 14/14 MP: 1/1
   552 | D:1      | Reached XP level 2. HP: 16/19 MP: 2/2
  1480 | D:2      | Slain by an adder

Illustrated notes

Levels and vault maps discovered:
D:1:      minmay_arrival_glassed_features, layout_loops_corners
D:2:      layout_basic

Action                   || total
-------------------------++-------
Melee: Mace              ||    47
  Use: Scroll            ||     1
Armor: Animal skin       ||    24
Dodge: Dodged            ||    50
